 Dungeon Crawl Stone Soup version 0.28-a0-1638-g9123634e07 (webtiles) character file.

Game seed: 15598099444988413279

2084 oldriver the Covert (level 9, -2/39 (56) HPs)
             Began as a Kobold Brigand on Jan 25, 2022.
             Slain by a wight (3 damage)
             ... on level 8 of the Dungeon.
             The game lasted 00:24:02 (12780 turns).

oldriver the Covert (Kobold Brigand)               Turns: 12780, Time: 00:24:02

HP:   -2/39 (56)    AC: 10    Str:  8    XL:     9   Next: 51%
MP:   9/9           EV: 15    Int: 11    God:
Gold: 434           SH:  0    Dex: 20    Spells: 8/8 levels left

rFire   + . .      SeeInvis +   a - +1 dagger (speed)
rCold   . . .      Faith    .   (no shield)
rNeg    . . .      Spirit   .   y - +0 ring mail
rPois   .          Reflect  .   (no helmet)
rElec   .          Harm     .   x - +0 cloak
rCorr   .          Rampage  .   (no gloves)
Will    .....                   (no boots)
Stlth   +++++.....              (no amulet)
HPRegen 0.13/turn               j - ring of see invisible
MPRegen 0.11/turn               t - +4 ring of protection

@: very heavily drained
A: small, no large weapons, nightstalker 3, dopey 1, fire resistance 1
a: no special abilities


You were on level 8 of the Dungeon.
You visited 1 branch of the dungeon, and saw 8 of its levels.
You also visited: Sewer.

You collected 434 gold pieces.

Inventory:

Hand Weapons
 a - a +1 dagger of speed (weapon)
 b - a +0 hunting sling
 w - a +1 dagger of distortion
Missiles
 d - 20 poisoned darts (quivered)
 k - 2 curare-tipped darts
 o - 132 stones
Armour
 q - the +3 chain mail "Somuwk" {*Slow Regen+ Dex+4}
   (You found it in a sewer)

   Dex:       It affects your dexterity (+4).
   Regen:     It increases your rate of health regeneration.
   *Slow:     It may slow you when you take damage.
 x - a +0 cloak (worn)
 y - a +0 ring mail (worn)
Jewellery
 j - a ring of see invisible (left hand)
 t - a +4 ring of protection (right hand)
 D - an amulet of reflection
Scrolls
 c - 2 scrolls of fog
 e - 2 scrolls of enchant weapon {unknown}
 f - 2 scrolls of magic mapping
 g - 5 scrolls of teleportation
 m - 4 scrolls of blinking
 n - 8 scrolls of identify
 v - a scroll of amnesia {unknown}
 z - a scroll of enchant armour {unknown}
 E - a scroll of brand weapon {unknown}
Potions
 h - a potion of magic
 p - 2 potions of lignification
 r - a potion of mutation
 u - a potion of attraction {unknown}
 A - a potion of haste
 B - a potion of cancellation {unknown}
 C - a potion of curing {unknown}


   Skills:
 + Level 6.5 Fighting
 + Level 7.7 Short Blades
 - Level 5.0 Throwing
 + Level 6.6 Dodging
 + Level 9.6 Stealth


You had 8 spell levels left.
You didn't know any spells.
Your spell library contained the following spells:

 Spells                   Type           Power      Damage    Failure   Level
 Apportation              Tloc           0%         N/A       73%         1
 Slow                     Hex            0%         N/A       73%         1
 Sting                    Tmut/Pois      0%         1d3       73%         1
 Poisonous Vapours        Pois/Air       0%         N/A       86%         2
 Confusing Touch          Hex            0%         N/A       97%         3
 Vampiric Draining        Necr           0%         2d6       97%         3
 Cause Fear               Hex            0%         N/A       100%        4
 Olgreb's Toxic Radiance  Pois           0%         N/A       100%        4
 Summon Lightning Spire   Summ/Air       0%         N/A       100%        4
 Alistair's Intoxication  Tmut/Pois      0%         N/A       100%        5
 Dragon Form              Tmut           0%         N/A       100%        7
 Storm Form               Tmut/Air       0%         N/A       100%        7
 Maxwell's Capacitive Co  Air            0%         ∞         100%        8
 Dragon's Call            Summ           0%         N/A       100%        9


Dungeon Overview and Level Annotations

Branches:
Dungeon (8/15)              Sewer (visited)
 Temple: D:4-7         Lair: D:8-11

Altars:
Uskayaw

Annotations:
D:5 2 transporters, porpoise's ghost, novice DsTm
D:8 Harold


Innate Abilities, Weirdness & Mutations

You are small and have problems with some larger weapons.
You are completely attuned to the shadows.
You are dopey. (Int -2)
Your flesh is heat resistant. (rF+)


Message History

The wight is heavily damaged.
You closely miss the wight.
The wight is heavily damaged.
The wight closely misses you.
You hit the wight but do no damage.
The wight is heavily damaged.
Okay, then.
Okay, then.
The wight hits you from afar with a +8 trident!
* * * LOW HITPOINT WARNING * * *
Aiming: Iceblast
Press: ? - help, Shift-Dir - straight line, f - wight
Aim: a wight, wielding a +8 trident and wearing a +0 robe (heavily damaged)
The mass of ice explodes!
The iceblast engulfs the wight!
The wight partially resists.
The wight is almost destroyed.
The wight hits you but does no damage.
Aiming: Iceblast
Press: ? - help, Shift-Dir - straight line, f/p - wight
Aim: a wight, wielding a +8 trident and wearing a +0 robe (almost destroyed)
The mass of ice explodes!
The iceblast engulfs the wight!
The wight partially resists.
You destroy the wight!
The now-empty wand crumbles to dust.
You hear a shout!
You start resting.
Harold the Weathered comes into view.
He is wielding a +2 trident of freezing.
Harold is nearby!
Things that are here:
a +0 short sword; an orc corpse
Things that are here:
a +8 trident; a +0 robe You hear the steady creaking of a distant portcullis.
The wight hits you with a +4 mace.
* * * LOW HITPOINT WARNING * * *
The wight closely misses you. The wight hits you with a +4 mace!
* * * LOW HITPOINT WARNING * * *
You feel drained.
You die...

##)##)...###.##
#...#........#
###.###...#..#
####......#...#
#.....###.......
#.....@........z#
#.............#..
#........z......z#.
#.........@..###...
#######'#.....<...P
#.#..####...P
#.#..###.PP.P
##....P..P.
###....P..
#z.z.#.P. ##+### .P
.


You could see Harold and a wight.

Vanquished Creatures
  Edmund (D:5)
  2 sky beasts
  An ice beast (D:5)
  A black bear (D:3)
  A phantom (D:6)
  A kobold brigand (D:5)
  3 bullfrogs
  4 scorpions
  3 wights (D:8)
  2 howler monkeys (D:6)
  3 hounds
  5 orc priests
  2 bullfrog skeletons
  6 orc wizards
  2 iguanas
  A killer bee zombie (D:6)
  A hound skeleton (D:2)
  2 gnolls (D:4)
  13 adders
  A white imp (D:4)
  2 adder skeletons (D:4)
  3 worms
  2 dart slugs
  16 orcs
  10 ball pythons
  13 endoplasms
  12 giant cockroaches
  13 goblins
  6 hobgoblins
  2 jackals (D:4)
  7 quokkas
  3 bats
  3 frilled lizards (Sewer)
  25 kobolds
  7 rats
179 creatures vanquished.

Vanquished Creatures (others)
  71 plants (D:5)
71 creatures vanquished.

Grand Total: 250 creatures vanquished

Notes
Turn   | Place    | Note
-------+----------+-------------------------------------------
     0 | D:1      | oldriver the Kobold Brigand began the quest for the Orb.
     0 | D:1      | Reached XP level 1. HP: 12/12 MP: 1/1
   385 | D:1      | Reached XP level 2. HP: 18/18 MP: 2/2
  1046 | D:2      | Reached XP level 3. HP: 14/22 MP: 3/3
  1276 | D:2      | Reached XP level 4. HP: 23/27 MP: 4/4
  3139 | D:4      | Reached skill level 6 in Stealth
  3139 | D:4      | Reached XP level 5. HP: 7/32 MP: 5/5
  3300 | D:4      | Reached XP level 6. HP: 11/37 MP: 6/6
  3616 | D:4      | Noticed a black bear
  3634 | D:4      | Found a glowing drain.
  3733 | Sewer    | Entered a sewer
  5039 | Sewer    | Reached skill level 7 in Stealth
  5039 | Sewer    | Reached XP level 7. HP: 25/43 MP: 7/7
  5302 | Sewer    | Reached skill level 5 in Short Blades
  5535 | Sewer    | Identified the +3 chain mail "Somuwk" {*Slow Regen+ Dex+4}
  6282 | D:4      | Reached XP level 8. HP: 48/48 MP: 8/8
  7256 | D:5      | Entered Level 5 of the Dungeon
  7290 | D:5      | Found a hide-covered altar of Uskayaw.
  7368 | D:5      | Reached skill level 5 in Fighting
  7656 | D:5      | Reached skill level 8 in Stealth
  7990 | D:5      | Noticed Edmund
  8029 | D:5      | Killed Edmund
  8030 | D:5      | Reached skill level 5 in Dodging
  8039 | D:5      | HP: 2/49 [poisoned by Edmund]
  8401 | D:5      | Found a transporter.
  8421 | D:5      | Found a transporter.
  8426 | D:5      | Noticed porpoise's ghost (novice DsTm)
 10394 | D:6      | Reached XP level 9. HP: 40/55 MP: 9/9
 10516 | D:6      | Reached skill level 5 in Throwing
 10836 | D:6      | Reached skill level 9 in Stealth
 12119 | D:7      | Noticed a gargoyle
 12357 | D:8      | Gained mutation: Your spells are a little harder to cast,
                  | but a little more powerful. [potion of mutation]
 12357 | D:8      | Lost mutation: Your spells are a little harder to cast, but
                  | a little more powerful. [potion of mutation]
 12357 | D:8      | Gained mutation: You are dopey. (Int -2) [potion of
                  | mutation]
 12357 | D:8      | Gained mutation: Your flesh is heat resistant. (rF+)
                  | [potion of mutation]
 12769 | D:8      | Noticed Harold
 12780 | D:8      | HP: 1/41 [wight (9)]
 12780 | D:8      | Slain by a wight

Illustrated notes

Levels and vault maps discovered:
D:1:      kennysheep_arrival_seaside, layout_rooms
D:2:      layout_basic, solitary_fountain
D:3:      layout_basic
D:4:      corexii_shantytown, layout_basic, portal_sewer_entry_a,
          minmay_starry_boxes
D:5:      kennysheep_kobold_camp, layout_loops_ring,
          eat_drink_and_be_merry_uskayaw, gammafunk_ghost_arena, uniq_edmund
D:6:      nicolae_cairo_tiling_large_dashed, layout_loops_ring
D:7:      layout_rooms, minmay_temple_entry_fiery, uniq_duvessa, uniq_joseph
D:8:      layout_basic, grunt_lair_entry_orc_guard_hut, enter_bailey_2,
          uniq_harold

Skill      XL: |  1  2  3  4  5  6  7  8  9 |
---------------+----------------------------+-----
Short Blades   | 3 4 5 6 7 |  7.7
Dodging        | 2 3 4 5 6 |  6.6
Throwing       | 3 4 5 |  5.0
Fighting       | 3 4 5 6 |  6.5
Stealth        | 6 7 8 9 |  9.6

Action                   |  1- 3 |  4- 6 |  7- 9 || total
-------------------------+-------+-------+-------++-------
Melee: Dagger            |    47 |   338 |   841 ||  1226
       Punch             |       |     8 |    17 ||    25
 Fire: Hunting sling     |       |    28 |       ||    28
Throw: Dart              |    12 |    46 |    83 ||   141
       Stone             |       |     1 |       ||     1
Evoke: Wand              |       |       |     5 ||     5
  Use: Scroll            |       |     8 |       ||     8
       Potion            |       |       |     5 ||     5
 Stab: Sleeping          |     9 |    14 |    20 ||    43
       Distracted        |       |     2 |       ||     2
Armor: Robe              |     3 |    36 |    28 ||    67
       Ring mail         |       |       |   102 ||   102
       Skin              |       |       |    11 ||    11
Dodge: Dodged            |    19 |   160 |   298 ||   477

Table legend: (Time is in decaauts)
 A = Elapsed time spent in this place.
 B = Non-inter-level travel time spent in this place.
 C = Inter-level travel time spent in this place.
 D = Time resting spent in this place.
 E = Time spent auto-exploring this place.
 F = Levels seen in this place.
 G = Mean time per level.
                   A        B        C        D        E       F      G
               +--------+--------+--------+--------+--------+-----+--------+
         Total |  12266 |  11883 |    383 |   3843 |   5484 |   9 | 1362.9 |
       Dungeon |  10397 |  10014 |    383 |   2823 |   5131 |   8 | 1299.6 |
         Sewer |   1869 |   1869 |      0 |   1019 |    353 |   1 | 1869.0 |
               +--------+--------+--------+--------+--------+-----+--------+

Top non-repeatable levels by time:
     D:5: 2566 daAuts
     D:4: 2310 daAuts
   Sewer: 1869 daAuts
     D:6: 1651 daAuts
     D:3: 1255 daAuts
     D:2: 1108 daAuts
     D:1: 893 daAuts
     D:8: 460 daAuts
     D:7: 152 daAuts
